AoeStats
← Rodrigo Lao Tse

Arabia

510537004Analyzed
1v1 RM · 8h ago on Oct 1, 2026· 39m 17s· 2 players
Game mode
Random Map
Map size
Tiny (2 player)
Population
200
Speed
Normal
Resources
Standard
Victory
Conquest
Starting age
Dark Age
Ending age
Imperial Age
RankedLock teamsTeams togetherTeam positionsShared explorationLock speedFull tech treeHidden civsTurbo modeCheats
Victory
Defeat
🇨🇱 Maya · Chile
788
+14
🇮🇩 Bulgarians · Indonesia
739
-14
MrIkanLelelelele
7:27 Loom
12:54 Feudal Age
20:18 Castle Age
18:30 Fletching
19:17 Double-Bit Axe
22:01 Bodkin Arrow
22:18 Forging
21:32 Elite Skirmisher
24:18 Padded Archer Armor
29:00 Wheelbarrow
28:56 Bow Saw
28:38 Gold Mining
28:40 Stone Mining
30:03 Iron Casting
29:44 Leather Archer Armor
31:15 Bloodlines
37:07 Thumb Ring
38:40 Scale Mail Armor
Rodrigo Lao Tse
0:28 Loom
10:23 Feudal Age
12:24 Double-Bit Axe
23:06 Castle Age
21:46 Horse Collar
25:05 Gold Mining
26:47 Eagle Warrior
27:33 Squires
28:12 Heavy Plow
29:42 Wheelbarrow
29:26 Guard Tower
30:40 Scale Mail Armor
31:56 Crossbowman
33:09 Padded Archer Armor
33:57 Fletching
35:38 Hand Cart
35:15 Town Watch
37:14 Chain Mail Armor
Connection lost

Rejoining the realm…

Still unreachable

The connection could not be restored.

Session expired

The server has moved on; the page needs a fresh start.